 Dungeon Crawl Stone Soup version 0.31-a0-836-g3ceb0a68c4 (webtiles) character file.

Game seed: 1653176908097418058

555 Kurtz the Chopper (level 7, -4/46 HPs)
             Began as an Octopode Fighter on Sept 27, 2023.
             Slain by an orc
             ... wielding a +0 flail
              (8 damage)
             ... on level 4 of the Dungeon.
             The game lasted 00:02:16 (2935 turns).

Kurtz the Chopper (Octopode Fighter)                Turns: 2935, Time: 00:02:16

Health: -4/46      AC:  1    Str: 17    XL:     7   Next: 30%
Magic:  7/7        EV: 13    Int: 11    God:
Gold:   266        SH:  4    Dex: 11    Spells: 6/6 levels left

rFire   . . .        a - +0 war axe
rCold   . . .        b - +0 buckler
rNeg    . . .        (helmet restricted)
rPois   .            (no amulet)
rElec   .            k - ring of see invisible
rCorr   .            (no ring)
SInv    +            (no ring)
Will    .....        (no ring)
Stlth   ++           (no ring)
HPRegen 0.27/turn    (no ring)
MPRegen 0.10/turn    (no ring)
                     (no ring)

%: no passive effects
@: no status effects
A: almost no armour, amphibious, 8 rings, camouflage 1, gelatinous body 1,
(nimble swimmer 1), tentacles
a: no special abilities


You were on level 4 of the Dungeon.
You visited 1 branch of the dungeon, and saw 5 of its levels.

You collected 266 gold pieces.

Inventory:

Hand Weapons
 a - a +0 war axe (weapon)
Missiles
 i - 4 boomerangs
Armour
 b - a +0 buckler (worn)
Jewellery
 k - a ring of see invisible (left tentacle)
Wands
 m - a wand of digging (5)
 r - a wand of mindburst (17)
Scrolls
 d - 3 scrolls of poison {unknown}
 e - 8 scrolls of identify {unknown}
 g - a scroll of torment {unknown}
 j - 2 scrolls of enchant weapon {unknown}
 o - a scroll of immolation {unknown}
Potions
 c - a potion of might
 l - a potion of enlightenment {unknown}
 n - a potion of haste {unknown}
 p - a potion of magic {unknown}
 q - a potion of heal wounds {unknown}


   Skills:
 - Level 3.0 Fighting
 * Level 7.8 Axes
 * Level 3.0 Dodging
 * Level 3.0 Shields


You had 6 spell levels left.
You didn't know any spells.
Your spell library contained the following spells:

 Spells                   Type           Power      Damage    Failure   Level
 Magic Dart               Conj           0%         1d3       41%         1
 Scorch                   Fire           0%         2d5       56%         2
 Searing Ray              Conj           0%         2d4       56%         2
 Flame Wave               Conj/Fire      0%         2d4       99%         4
 Fulminant Prism          Conj/Hex       0%         3d5       99%         4
 Leda's Liquefaction      Hex/Erth       0%         N/A       99%         4
 Lee's Rapid Deconstruct  Erth           0%         3d4*      100%        5
 Yara's Violent Unravell  Hex/Tmut       0%         3d3       100%        5
 Bombard                  Conj/Erth      0%         9d1       100%        6
 Summon Cactus Giant      Summ           0%         N/A       100%        6
 Haunt                    Necr/Summ      0%         N/A       100%        7


Dungeon Overview and Level Annotations

Branches:
Dungeon (5/15)
 Temple: D:4-7

Altars:
Nemelex Xobeh
Ru
Zin

Shops:
D:1 :

Annotations:
D:4 2 transporters


Innate Abilities, Weirdness & Mutations

You cannot wear most types of armour.
You are amphibious.
You can wear up to eight rings at the same time.
Your skin changes colour to match your surroundings (Stealth+).
Your rubbery body absorbs attacks. (AC +1, EV +1)
((You are camouflaged when in or above water. (Stealth+)))
You have tentacles for arms and can constrict up to eight enemies at once.


Message History

Unknown command.
The gnoll attacks as it pursues you!
The gnoll hits you from afar with a +0 spear!
* * * LOW HITPOINT WARNING * * *
An orc comes into view. It is wielding a +0 flail.
The orc shouts!
Okay, then.
It was a potion of cancellation.
You feel magically purged. The gnoll barely misses you. x2
The gnoll attacks as it pursues you! The gnoll misses you.
The gnoll attacks as it pursues you! You block the gnoll's attack.
The orc barely misses you. The gnoll attacks as it pursues you!
You block the gnoll's attack. The orc attacks as it pursues you!
The orc hits you with a +0 flail.
* * * LOW HITPOINT WARNING * * *
The gnoll zaps a wand.
Your will is overpowered!
You are confused.
The gnoll hits you from afar with a +0 spear.
* * * LOW HITPOINT WARNING * * *
The gnoll barely misses you. The orc hits you but does no damage.
It was a potion of curing.
You feel better. You block the gnoll's attack.
The gnoll hits you from afar with a +0 spear.
* * * LOW HITPOINT WARNING * * *
An orc comes into view. It is wielding a +0 flail.
The gnoll attacks as it pursues you! You block the gnoll's attack.
The gnoll attacks as it pursues you! The gnoll closely misses you.
You block the orc's attack.
The orc moves out of view.
There is a stone staircase leading up here.
The gnoll hits you from afar with a +0 spear.
* * * LOW HITPOINT WARNING * * *
The gnoll closely misses you. The orc barely misses you.
You climb upwards.
Level annotation: 2 transporters
There is a stone staircase leading down here.
You hit the orc but do no damage. You grab the orc. You constrict the orc.
The orc barely misses you.
You hit the orc but do no damage.
The orc is lightly wounded.
You constrict the orc. The orc hits you with a +0 flail!
You die...

#...##...####...#.....#
#...#...........'.....####
#...#...........#.........
#...#†..........#.........
#...#...........#.........
#...#######.....#.......÷.
#...##...########.........
#...............#.........
#........@......#.........
#.........o.....'.........
#...##...##.....#.....#..#
#...##...##.....#.....+.##
#.........#.....#.....#.#8
#.........#...[.'.....#.#o
#.........#...))#.......#S
#.........#.....#......©#o
#...##...##.....#.......#_


You could see an orc.

Vanquished Creatures
  An ogre (D:4)
  Blork the orc (D:4)
  2 howler monkeys
  2 hounds
  A jelly (D:5)
  A sleepcap (D:4)
  Ijyb (D:5)
  2 iguanas
  4 adders
  An ufetubus (D:5)
  A worm (D:2)
  2 dart slugs (D:1)
  3 orcs (D:4)
  13 ball pythons
  6 endoplasms (D:2)
  5 giant cockroaches (D:2)
  12 goblins
  10 hobgoblins
  3 jackals (D:4)
  3 kobolds
  6 quokkas
  3 bats
  4 frilled lizards
  7 rats
94 creatures vanquished.

Notes
Turn   | Place    | Note
-------+----------+-------------------------------------------
     0 | D:1      | Kurtz the Octopode Fighter began the quest for the Orb.
     0 | D:1      | Reached XP level 1. HP: 16/16 MP: 1/1
   118 | D:1      | Reached XP level 2. HP: 21/21 MP: 2/2
   125 | D:1      | Reached skill level 3 in Axes
   375 | D:1      | Reached XP level 3. HP: 21/26 MP: 3/3
   561 | D:1      | Found Cyga's Book Emporium.
   913 | D:2      | Reached skill level 4 in Axes
  1074 | D:2      | Reached XP level 4. HP: 20/31 MP: 4/4
  1809 | D:4      | Reached skill level 5 in Axes
  1851 | D:4      | Reached XP level 5. HP: 36/36 MP: 5/5
  1859 | D:4      | Noticed Blork the orc
  1865 | D:4      | Killed Blork the orc
  1962 | D:4      | Noticed an ogre
  1968 | D:4      | Killed an ogre
  1969 | D:4      | Reached skill level 6 in Axes
  1969 | D:4      | Reached XP level 6. HP: 8/42 MP: 6/6
  2165 | D:4      | Found a transporter.
  2168 | D:4      | Noticed an orc warrior
  2176 | D:4      | Found a transporter.
  2343 | D:4      | Found a glowing silver altar of Zin.
  2343 | D:4      | Found a sparkling altar of Nemelex Xobeh.
  2343 | D:4      | Found a sacrificial altar of Ru.
  2526 | D:4      | Reached skill level 7 in Axes
  2691 | D:5      | Entered Level 5 of the Dungeon
  2713 | D:5      | Reached XP level 7. HP: 46/46 MP: 7/7
  2826 | D:5      | Noticed Ijyb
  2834 | D:5      | Killed Ijyb
  2909 | D:5      | Got a dusty book
  2928 | D:5      | HP: 2/46 [gnoll/+0 spear (5)]
  2935 | D:4      | Slain by an orc

Illustrated notes

Levels and vault maps discovered:
D:1:      lightli_arrival_boilingwater, layout_rooms, serial_shops,
          nicolae_shop_back_alley_shop
D:2:      layout_basic, minmay_worlds_worst_comb
D:3:      layout_basic, minmay_misc_feat_alley, st_stairs_9
D:4:      layout_gridville, gammafunk_temple_overflow_arena, uniq_blork_the_orc
D:5:      layout_cave_pools, serial_gnoll_camp, gnoll_camp_mini_hut,
          gnoll_camp_mini_shop, gnoll_camp_mini_shop, gnoll_camp_mini_loothouse,
          uniq_menkaure, uniq_duvessa, uniq_ijyb

Skill      XL: |  1  2  3  4  5  6 |
---------------+-------------------+-----
Axes           | 3 4 5 6 7 |  7.8
Fighting       | |  3.0
Dodging        | |  3.0
Shields        | |  3.0

Action                     |  1- 3 |  4- 6 |  7- 9 || total
---------------------------+-------+-------+-------++-------
  Melee: War axe           |    75 |    87 |    15 ||   177
         Constrict         |    13 |    19 |     5 ||    37
         Tentacles         |     9 |    16 |     3 ||    28
         Punch             |       |     1 |     1 ||     2
    Use: Potion            |       |       |     2 ||     2
   Stab: Sleeping          |     9 |     8 |       ||    17
 Armour: Skin              |    21 |    37 |    17 ||    75
  Dodge: Dodged            |    33 |    36 |    18 ||    87
  Block: Buckler           |    13 |    16 |     6 ||    35

Table legend: (Time is in decaauts)
 A = Elapsed time spent in this place.
 B = Non-inter-level travel time spent in this place.
 C = Inter-level travel time spent in this place.
 D = Time resting spent in this place.
 E = Time spent auto-exploring this place.
 F = Levels seen in this place.
 G = Mean time per level.
                   A        B        C        D        E       F      G
               +--------+--------+--------+--------+--------+-----+--------+
         Total |   2987 |   2885 |    102 |    216 |   2108 |   5 |  597.4 |
       Dungeon |   2987 |   2885 |    102 |    216 |   2108 |   5 |  597.4 |
               +--------+--------+--------+--------+--------+-----+--------+

Top non-repeatable levels by time:
     D:4: 1000 daAuts
     D:2: 857 daAuts
     D:1: 602 daAuts
     D:3: 280 daAuts
     D:5: 245 daAuts
